 Dungeon Crawl Stone Soup version 0.30-a0-1035-g38d5fb2972 (webtiles) character file.

Game seed: 15867034384003537354

623 CryoSword the Poker (level 7, -4/52 HPs)
             Began as a Demonspawn Fighter on Apr 8, 2023.
             Slain by a centaur (6 damage)
             ... on level 8 of the Dungeon.
             The game lasted 00:05:36 (3959 turns).

CryoSword the Poker (Demonspawn Fighter)            Turns: 3959, Time: 00:05:36

Health: -4/52      AC:  6    Str: 18    XL:     7   Next: 22%
Magic:  11/11      EV: 12    Int:  9    God:
Gold:   0          SH:  9    Dex: 13    Spells: 12/12 levels left

rFire   + . .      SeeInvis .    a - +0 trident
rCold   . . .      Faith    .    x - +1 kite shield {rF+}
rNeg    . . .      Spirit   .    b - +0 scale mail
rPois   .          Reflect  .    (helmet restricted)
rElec   .          Rampage  .    (no cloak)
rCorr   .                        (no gloves)
Will    .....                    (no boots) Stlth
                                 (no amulet)
HPRegen 0.28/turn                q - +5 ring of evasion {=R}
MPRegen 0.12/turn                (no ring)

@: no status effects
A: horns 2, powered by pain 1, demonic magic 2
a: no special abilities


You were on level 8 of the Dungeon.
You visited 1 branch of the dungeon, and saw 6 of its levels.

Inventory:

Hand Weapons
 a - a +0 trident (weapon)
Missiles
 s - 4 boomerangs
Armour
 b - a +0 scale mail (worn)
 x - a +1 kite shield of fire resistance (worn)
   (You found it on level 4 of the Dungeon)
Jewellery
 q - a +5 ring of evasion (left hand) {=R}
   (You found it on level 3 of the Dungeon)
Wands
 k - a wand of flame (5) (quivered)
   (You took it off Terence on level 3 of the Dungeon)
 r - a wand of digging (6)
   (You found it on level 3 of the Dungeon)
Scrolls
 e - 3 scrolls of amnesia {unknown}
 g - a scroll of vulnerability {unknown}
 j - 4 scrolls of identify {unknown}
 o - a scroll of immolation {!r}
 u - a scroll of enchant weapon {unknown}
 w - a scroll of teleportation {unknown}
 y - a scroll of fear {unknown}
Potions
 h - a potion of degeneration {unknown}
 i - a potion of attraction {unknown}
 l - a potion of ambrosia {unknown}
 n - 2 potions of curing {unknown}
 t - a potion of brilliance {unknown}
 v - a potion of flight {unknown}
 z - a potion of berserk rage {unknown}


   Skills:
 - Level 3.0 Fighting
 + Level 6.0 Polearms
 - Level 2.6 Armour
 * Level 3.2 Shields
 + Level 3.2 Spellcasting
 * Level 0.9 Ice Magic


You had 12 spell levels left.
You didn't know any spells.
Your spell library contained the following spells:

 Spells                   Type           Power      Damage    Failure   Level
 Apportation              Tloc           2%         N/A       96%         1
 Cigotuvi's Dreadful Rot  Necr/Pois/Air  2%         N/A       99%         2
 Call Canine Familiar     Summ           1%         N/A       100%        3
 Ignite Poison            Fire/Tmut/Pois 1%         N/A       100%        3
 Portal Projectile        Hex/Tloc       2%         N/A       100%        3
 Anguish                  Hex/Necr       0%         N/A       100%        4
 Cause Fear               Hex            0%         N/A       100%        4
 Leda's Liquefaction      Hex/Erth       0%         N/A       100%        4
 Alistair's Intoxication  Tmut/Pois      0%         N/A       100%        5
 Freezing Cloud           Conj/Ice/Air   1%         6-21      100%        5
 Enfeeble                 Hex            0%         N/A       100%        7


Dungeon Overview and Level Annotations

Branches:
Dungeon (5/15)
 Temple: D:4-7

Altars:
Fedhas

Shops:
D:1 :

Annotations:
D:8 Maurice


Innate Abilities, Weirdness & Mutations

You have a pair of horns on your head.
You sometimes gain a little power by taking damage.
Spells you cast may paralyse nearby enemies.


Message History

The white imp hits you but does no damage.
You hit the white imp but do no damage. You headbutt the white imp.
You kill the white imp!
You hit the iguana but do no damage.
The iguana bites you but does no damage.
You closely miss the iguana. Your headbutt misses the iguana.
The iguana bites you but does no damage.
You hit the iguana but do no damage.
You headbutt the iguana, but do no damage.
The iguana closely misses you.
You hit the iguana. The iguana completely misses you.
You barely miss the iguana. You block the iguana's attack.
You completely miss the iguana. Your headbutt misses the iguana.
You block the iguana's attack. The iguana bites you.
You hit the iguana. The iguana barely misses you.
You puncture the iguana!
The iguana bites you but does no damage.
You completely miss the iguana.
The iguana bites you but does no damage.
You barely miss the iguana. The iguana closely misses you.
You hit the iguana. The iguana bites you. You block the iguana's attack.
You hit the iguana.
You kill the iguana!
No target in view!
A sourceless malevolence fills the Dungeon...
You fall into a shaft and drop 3 floors!
The shaft crumbles and collapses.
Found 5 stones.
You see here a book of the Hunter.
A white imp comes into view.
The white imp shouts!
You hear a loud, deep croak!
A white imp is nearby!
A white imp is nearby!
The white imp gestures at you. The puff of frost hits you!
The white imp gestures at you. The puff of frost hits you!
You focus on the pain.
You feel very mighty all of a sudden. The white imp gestures at you.
The puff of frost hits you. The white imp spits at you.
The white imp closely misses you.
You barely miss the white imp. You headbutt the white imp!
The white imp gestures at you. The puff of frost hits you!
* * * LOW HITPOINT WARNING * * *
You focus on the pain.
You feel mightier all of a sudden.
You puncture the white imp!
You kill the white imp!
You start resting.
You feel a little less mighty now.
You start resting.
Found 14 gold pieces.
Found a stone staircase leading down.
You now have 274 gold pieces (gained 14).
Found a whip.
You see here a +0 whip.
Maurice the Thief comes into view.
He is wielding a +0 short sword and carrying a wand of mindburst (12).
Maurice shouts!
Aim: Maurice, wielding a +0 short sword, wearing a +0 cloak and carrying a wand of mindburst (12) (56% to hit)
The puff of flame hits Maurice.
Maurice shouts, "HAHA!"
Maurice zaps a wand.
Your mind is blasted!
Aim: Maurice, wielding a +0 short sword, wearing a +0 cloak and carrying a wand of mindburst (11) (lightly wounded, 56% to hit)
The puff of flame misses Maurice.
You hear a shout!
A centaur comes into view.
You see here a +0 whip.
You feel very mighty all of a sudden.
You feel much better. Maurice hits you with a +0 whip.
Maurice steals 274 gold pieces!
You now have 0 gold pieces.
You miss Maurice. Maurice closely misses you.
You puncture Maurice! Your headbutt misses Maurice. Maurice closely misses you.
You puncture Maurice! You headbutt Maurice. Maurice hits you with a +0 whip.
Maurice steals your scroll of blinking!
You closely miss Maurice. Maurice hits you but does no damage.
Maurice casts a spell.
Maurice flickers and vanishes!
Deactivating autopickup; reactivate with Ctrl-A.
The centaur wields a +0 shortbow.
The centaur shoots an arrow.
You block the arrow.
You miss something. Your headbutt misses something.
The centaur shoots an arrow.
The arrow hits you! Something hits you.
Something steals your 2 smoky white potions!
You closely miss something. Your headbutt misses something.
The centaur shoots an arrow.
You hear a zap.
Something tries to affect you, but you resist.
You barely miss something.
The centaur shoots an arrow.
The arrow hits you.
You hear some strange, mumbled words.
The centaur shoots an arrow.
The arrow hits you.
* * * LOW HITPOINT WARNING * * *
You barely miss something. Your headbutt misses something.
The centaur shoots an arrow.
You block the arrow.
You hear a zap.
Your mind is blasted!
* * * LOW HITPOINT WARNING * * *
The centaur shoots an arrow.
The arrow closely misses you.
You swing at nothing.
The centaur shoots an arrow.
The arrow closely misses you.
You swing at nothing.
The centaur shoots an arrow.
You block the arrow.
The centaur shoots an arrow.
You block the arrow.
You swing at nothing.
The centaur shoots an arrow.
The arrow closely misses you. Something hits you.
* * * LOW HITPOINT WARNING * * *
Something steals your ring of willpower!
The centaur shoots an arrow.
The arrow hits you.
* * * LOW HITPOINT WARNING * * *
It was a potion of cancellation.
Your magical effects are unravelling.
You feel magically purged.
You feel a little less mighty now.
The centaur shoots an arrow.
You hear some strange, mumbled words.
The centaur shoots an arrow.
You block the arrow.
The centaur shoots an arrow.
The arrow closely misses you.
The centaur unwields a +0 shortbow.
The centaur closely misses you.
The centaur kicks you but does no damage.
The centaur hits you but does no damage.
The centaur closely misses you.
You hit the centaur. You headbutt the centaur. The centaur closely misses you.
The centaur kicks you.
* * * LOW HITPOINT WARNING * * *
You completely miss the centaur.
You headbutt the centaur, but do no damage.
You block the centaur's attack. x2
You hear some strange, mumbled words.
The centaur closely misses you.
The centaur kicks you but does no damage.
You hit the centaur. You block the centaur's attack.
The centaur completely misses you. The centaur hits you.
* * * LOW HITPOINT WARNING * * *
The centaur kicks you but does no damage.
You barely miss the centaur. You block the centaur's attack.
The centaur barely misses you. You block the centaur's attack.
The centaur kicks you.
* * * LOW HITPOINT WARNING * * *
You barely miss the centaur.
The centaur hits you but does no damage.
You block the centaur's attack.
You hit the centaur but do no damage. The centaur closely misses you.
The centaur kicks you but does no damage.
The centaur hits you but does no damage.
The centaur kicks you but does no damage.
You hit the centaur. Your headbutt misses the centaur.
You block the centaur's attack. x2; The centaur hits you.
You die...

#.....#...#... #.#
#.#.###.#######
####.###.......#......
###.....................
#>..........###.......##
####.#.####.# #.#..#....
#c#.# #.###.#.....##
#.#c####..##.#..#....
#)#.@................
#.#######.#####.#####
#.....@.c... #.#
##########.. #.


You could see a centaur.

Vanquished Creatures
  Sigmund (D:3)
  A hound (D:4)
  Terence (D:3)
  Natasha (thrice) (D:3)
  3 iguanas
  An orc wizard (D:4)
  5 gnolls
  8 adders
  2 white imps
  An ufetubus (D:5)
  A worm (D:2)
  5 dart slugs
  4 orcs
  7 ball pythons
  7 endoplasms
  4 giant cockroaches
  5 goblins
  9 hobgoblins
  5 kobolds
  A quokka (D:5)
  3 bats
  4 frilled lizards
  4 rats
85 creatures vanquished.

Notes
Turn   | Place    | Note
-------+----------+-------------------------------------------
     0 | D:1      | CryoSword the Demonspawn Fighter began the quest for the
                  | Orb.
     0 | D:1      | Reached XP level 1. HP: 18/18 MP: 1/1
    31 | D:1      | Reached skill level 2 in Polearms
    41 | D:1      | Found Lir Amudd's Vocational Training.
    47 | D:1      | Gained mutation: You have a pair of small horns on your
                  | head. [demonic ancestry]
    47 | D:1      | Reached XP level 2. HP: 24/24 MP: 2/2
   261 | D:1      | Reached skill level 3 in Polearms
   268 | D:1      | Reached XP level 3. HP: 16/29 MP: 3/3
   894 | D:2      | Gained mutation: You sometimes gain a little power by
                  | taking damage. [demonic ancestry]
   894 | D:2      | Reached XP level 4. HP: 21/35 MP: 4/4
   963 | D:2      | Reached skill level 4 in Polearms
  1495 | D:3      | Noticed Terence
  1522 | D:3      | Killed Terence
  1812 | D:3      | Found a blossoming altar of Fedhas.
  1880 | D:3      | Noticed Natasha
  1884 | D:3      | Killed Natasha
  1885 | D:3      | Gained mutation: Spells you cast may paralyse adjacent
                  | enemies. [demonic ancestry]
  1885 | D:3      | Reached XP level 5. HP: 34/41 MP: 5/5
  1991 | D:3      | Noticed Natasha
  1999 | D:3      | Killed Natasha
  2071 | D:3      | Noticed Sigmund
  2079 | D:3      | Killed Sigmund
  2080 | D:3      | Reached skill level 5 in Polearms
  2080 | D:3      | Gained mutation: You have a pair of horns on your head.
                  | [demonic ancestry]
  2080 | D:3      | Reached XP level 6. HP: 35/47 MP: 6/9
  2164 | D:3      | Noticed Natasha
  2173 | D:3      | Killed Natasha
  3214 | D:5      | Entered Level 5 of the Dungeon
  3386 | D:5      | Reached skill level 6 in Polearms
  3386 | D:5      | Gained mutation: Spells you cast may paralyse nearby
                  | enemies. [demonic ancestry]
  3386 | D:5      | Reached XP level 7. HP: 43/52 MP: 11/11
  3761 | D:5      | You fall into a shaft and drop 3 floors!
  3917 | D:8      | Noticed Maurice
  3956 | D:8      | HP: 1/52 [centaur (2)]
  3959 | D:8      | Slain by a centaur

Illustrated notes

Levels and vault maps discovered:
D:1:      heliophobic_arrival_ceremonial_halls, layout_basic,
          nicolae_shop_vocational
D:2:      layout_rooms
D:3:      layout_basic, fedhas_altar_4, uniq_natasha, uniq_terence, uniq_sigmund
D:4:      layout_basic
D:5:      layout_loops_ring
D:8:      layout_basic, nicolae_wwwww, nicolae_concentric_dashed_squares_mild,
          uniq_maurice

Skill      XL: |  1  2  3  4  5  6  7 |
---------------+----------------------+-----
Polearms       | 2 3 4 5 6 |  6.0
Spellcasting   | 2 3 |  3.2
Shields        | 3 |  3.2
Fighting       | |  3.0
Armour         | |  2.6
Ice Magic      | |  0.9

Action                     |  1- 3 |  4- 6 |  7- 9 || total
---------------------------+-------+-------+-------++-------
  Melee: Trident           |    76 |   150 |    60 ||   286
         Headbutt          |     8 |    31 |    12 ||    51
  Evoke: Wand              |       |     2 |     2 ||     4
    Use: Scroll            |       |     3 |       ||     3
         Potion            |       |     1 |     3 ||     4
 Armour: Scale mail        |    18 |    22 |    17 ||    57
  Dodge: Dodged            |    27 |    54 |    43 ||   124
  Block: Buckler           |    13 |    17 |       ||    30
         Kite shield       |       |    12 |    36 ||    48

Table legend: (Time is in decaauts)
 A = Elapsed time spent in this place.
 B = Non-inter-level travel time spent in this place.
 C = Inter-level travel time spent in this place.
 D = Time resting spent in this place.
 E = Time spent auto-exploring this place.
 F = Levels seen in this place.
 G = Mean time per level.
                   A        B        C        D        E       F      G
               +--------+--------+--------+--------+--------+-----+--------+
         Total |   3999 |   3895 |    104 |     96 |   3089 |   6 |  666.5 |
       Dungeon |   3999 |   3895 |    104 |     96 |   3089 |   6 |  666.5 |
               +--------+--------+--------+--------+--------+-----+--------+

Top non-repeatable levels by time:
     D:3: 1172 daAuts
     D:4: 823 daAuts
     D:1: 797 daAuts
     D:5: 559 daAuts
     D:2: 446 daAuts
     D:8: 201 daAuts
